 Dungeon Crawl Stone Soup version 0.28-a0-10-g964c8b829e (webtiles) character file.

Game seed: 3254706687167377897

433 tatocazan the Chopper (level 6, -1/56 HPs)
             Began as a Minotaur Fighter on July 25, 2021.
             Was a Believer of Uskayaw.
             Engulfed by a cloud of steam (9 damage)
             ... on level 4 of the Dungeon.
             The game lasted 00:03:02 (2502 turns).

tatocazan the Chopper (Minotaur Fighter)            Turns: 2502, Time: 00:03:02

Health: -1/56      AC:  7    Str: 26    XL:     6   Next: 67%
Magic:  5/5        EV:  8    Int:  2    God:    Uskayaw [**....]
Gold:   72         SH: 10    Dex:  9    Spells: 5/5 levels left

rFire   . . .      SeeInvis .   n - +2 mace of Disharmony {vamp, Fly rPois Str+3 Int-3}
rCold   . . .      Faith    .   c - +0 kite shield
rNeg    . . .      Spirit   .   b - +0 scale mail
rPois   +          Reflect  .   (helmet restricted)
rElec   .          Harm     .   h - scarf {+Inv}
rCorr   .          Rampage  .   (no gloves)
Will    .....                   (no boots)
Stlth   ..........              (no amulet)
HPRegen 0.18/turn               (no ring)
MPRegen 0.09/turn               (no ring)

@: flying, studying Staves
A: horns 2, retaliatory headbutt
a: Renounce Religion, Evoke Invisibility, Stomp, Line Pass


You were on level 4 of the Dungeon.
You worshipped Uskayaw.
Uskayaw was noncommittal.
You visited 2 branches of the dungeon, and saw 4 of its levels.

You collected 72 gold pieces.

Inventory:

Hand Weapons
 a - a +0 war axe
 n - the +2 mace of Disharmony (weapon) {vamp, Fly rPois Str+3 Int-3}
   (You found it on level 4 of the Dungeon)

   It occasionally heals its wielder for a portion of the damage dealt when it
   wounds a living foe.
   Str:       It affects your strength (+3).
   Int:       It affects your intelligence (-3).
   rPois:     It protects you from poison.
   Fly:       It grants you flight.
Armour
 b - a +0 scale mail (worn)
 c - a +0 kite shield (worn)
 h - a scarf of invisibility (worn)
Jewellery
 p - an amulet of the acrobat
Scrolls
 f - a scroll of blinking {unknown}
 i - a scroll of identify {unknown}
 m - a scroll of fear {unknown}
 q - 2 scrolls of immolation {unknown}
 r - a scroll of teleportation {unknown}
Potions
 d - 2 potions of might
 e - a potion of ambrosia {unknown}
 g - a potion of lignification {unknown}
 j - a potion of curing {unknown}
 k - a potion of berserk rage {unknown}
 l - a potion of heal wounds
 o - a potion of attraction {unknown}


   Skills:
 + Level 5.2 Fighting
 * Level 5.7 Axes
 + Level 5.2 Armour
 + Level 5.2 Shields


You had 5 spell levels left.
You didn't know any spells.
Your spell library contained the following spells:

 Spells                   Type           Power      Damage    Failure   Level
 Passwall                 Tmut/Erth      0%         N/A       100%        2
 Inner Flame              Hex/Fire       0%         N/A       100%        3
 Swiftness                Air            0%         N/A       100%        3
 Cause Fear               Hex            0%         N/A       100%        4
 Invisibility             Hex            0%         N/A       100%        6
 Discord                  Hex            0%         N/A       100%        8


Dungeon Overview and Level Annotations

Branches:
Dungeon (4/15)             Temple (1/1) D:4

Altars:
Ashenzari
Dithmenos
Fedhas
Kikubaaqudgha
Nemelex Xobeh
Uskayaw
Vehumet
Wu Jian

Annotations:
D:4 1 runed translucent door, Crazy Yiuf


Innate Abilities, Weirdness & Mutations

You have a pair of horns on your head.
You reflexively headbutt those who attack you in melee.


Message History

You hit the steam dragon. Your headbutt misses the steam dragon.
The steam dragon is heavily wounded.
The steam dragon bites you but does no damage.
The steam dragon claws you but does no damage.
You block the steam dragon's attack. x2
You can now pass through a line of other dancers.
You hit the steam dragon but do no damage.
The steam dragon is heavily wounded.
You block the steam dragon's attack. The steam dragon claws you.
You take 2 damage, and have 42/56 hp.
You barely miss the steam dragon. Your headbutt misses the steam dragon.
The steam dragon is heavily wounded.
You block the steam dragon's attack. x2
The steam dragon bites you but does no damage.
You block the steam dragon's attack.
You closely miss the steam dragon.
The steam dragon is heavily wounded.
The steam dragon breathes steam at you. The ball of steam hits you!!
You take 25 damage, and have 17/56 hp.
MASSIVE DAMAGE!!
The steam dragon bites you.
* * * LOW HITPOINT WARNING * * *
The steam dragon claws you.
* * * LOW HITPOINT WARNING * * *
You can no longer pass through a line of other dancers.
You take 9 damage, and have 8/56 hp.
You hit the steam dragon.
You feel better.
Your headbutt misses the steam dragon.
The steam dragon is severely wounded.
You block the steam dragon's attack.
The steam dragon claws you but does no damage.
The steam dragon breathes steam at you. The ball of steam hits you.
* * * LOW HITPOINT WARNING * * *
You can now pass through a line of other dancers.
You hit the steam dragon. You headbutt the steam dragon.
You kill the steam dragon!
The steam dragon scales are intact enough to wear.
You are engulfed in a cloud of scalding steam.
You die...

### ### #.###.#
#.....# #.###.#
#.# #.#
##########.# #.#
######...§.§....#
#.#
#....'.....§§@[.#
#.#
#....#...§§.....#
#.#
#....########+#.#
#.# ####....# ..#
#.# ##.'....# #.#
#.# ##.#....# #.#
#.# ##..#.### ###
#.# .....># #.#
......# #.#


There were no monsters in sight!

Vanquished Creatures
  Grinder (D:4)
  A steam dragon (D:4)
  Menkaure (D:4)
  3 hound skeletons (D:4)
  An adder (D:4)
  An adder skeleton (D:4)
  3 dart slugs
  3 orcs (D:4)
  3 ball pythons (D:1)
  4 endoplasms
  4 giant cockroaches
  5 goblins
  7 hobgoblins
  9 jackals
  3 kobolds
  3 quokkas
  4 bats
  3 frilled lizards
  A rat (D:1)
60 creatures vanquished.

Vanquished Creatures (others)
  5 plants (D:1)
5 creatures vanquished.

Grand Total: 65 creatures vanquished

Notes
Turn   | Place    | Note
-------+----------+-------------------------------------------
     0 | D:1      | tatocazan the Minotaur Fighter began the quest for the Orb.
     0 | D:1      | Reached XP level 1. HP: 19/19 MP: 0/0
    93 | D:1      | Reached XP level 2. HP: 12/27 MP: 1/1
   263 | D:1      | Noticed a floating eye
   265 | D:1      | Found a faded altar of an unknown god.
   267 | D:1      | Noticed a great orb of eyes
   267 | D:1      | Noticed an eye of devastation
   267 | D:1      | Noticed a great orb of eyes
   926 | D:1      | Reached XP level 3. HP: 33/33 MP: 2/2
  1411 | D:2      | Found an ornate altar of the Wu Jian Council.
  1471 | D:2      | You fall into a shaft and drop 2 floors!
  1586 | D:4      | Found a broken altar of Ashenzari.
  1630 | D:4      | Found a runed translucent door.
  1630 | D:4      | Identified the +0 mace of Founat {flame, rC+ Dex+3}
  1631 | D:4      | Noticed Crazy Yiuf
  1634 | D:4      | Identified the +2 mace of Disharmony {vamp, Fly rPois Str+3
                  | Int-3}
  1656 | D:4      | Noticed Menkaure
  1661 | D:4      | Killed Menkaure
  1662 | D:4      | Reached XP level 4. HP: 40/41 MP: 3/3
  1662 | D:4      | Reached XP level 5. HP: 46/47 MP: 4/4
  1682 | D:4      | Noticed Grinder
  1695 | D:4      | Killed Grinder
  1696 | D:4      | Reached skill level 5 in Fighting
  1696 | D:4      | Reached skill level 5 in Axes
  1696 | D:4      | Reached skill level 5 in Armour
  1696 | D:4      | Reached skill level 5 in Shields
  1696 | D:4      | Reached XP level 6. HP: 12/56 MP: 5/5
  1997 | D:4      | Found an ancient bone altar of Kikubaaqudgha.
  2130 | D:4      | Found a sparkling altar of Nemelex Xobeh.
  2283 | D:4      | Found a staircase to the Ecumenical Temple.
  2293 | Temple   | Entered the Ecumenical Temple
  2297 | Temple   | Became a worshipper of Uskayaw the Reveller
  2347 | D:4      | Reached * piety under Uskayaw
  2491 | D:4      | Noticed a steam dragon
  2496 | D:4      | Reached ** piety under Uskayaw
  2502 | D:4      | Killed a steam dragon
  2502 | D:4      | Engulfed by a cloud of steam

Illustrated notes

Levels and vault maps discovered:
D:1:      dpeg_arrival_rhombi, layout_loops_ring,
          hellmonk_ecumenical_altar_watching_god, minmay_misc_feat_square,
          kennysheep_another_room, nrook_mini_vaults, serial_bayou_pond_c,
          minmay_misc_feat_cross
D:2:      layout_rooms, kennysheep_flooded_box
D:4:      layout_basic, ashenzari_altar_1, mainiacjoe_overflow_24_doors,
          nemelex_altar_shiori, temple_green, uniq_crazy_yiuf_cottage,
          uniq_menkaure, uniq_grinder
Temple:   zaba_magenta_temple

Skill      XL: |  1  2  3  4  5 |
---------------+----------------+-----
Axes           | 3 4 5 |  5.7
Armour         | 4 5 |  5.2
Fighting       | 4 5 |  5.2
Shields        | 4 5 |  5.2

Action                   |  1- 3 |  4- 6 || total
-------------------------+-------+-------++-------
Melee: War axe           |   108 |       ||   108
       Headbutt          |    13 |    13 ||    26
       Mace              |     4 |    48 ||    52
Armor: Scale mail        |    55 |    25 ||    80
Dodge: Dodged            |    41 |    15 ||    56
Block: Kite shield       |    80 |    30 ||   110

Table legend: (Time is in decaauts)
 A = Elapsed time spent in this place.
 B = Non-inter-level travel time spent in this place.
 C = Inter-level travel time spent in this place.
 D = Time resting spent in this place.
 E = Time spent auto-exploring this place.
 F = Levels seen in this place.
 G = Mean time per level.
                   A        B        C        D        E       F      G
               +--------+--------+--------+--------+--------+-----+--------+
         Total |   2597 |   2555 |     42 |    234 |   1863 |   4 |  649.2 |
       Dungeon |   2588 |   2549 |     39 |    234 |   1863 |   3 |  862.7 |
        Temple |      8 |      5 |      3 |      0 |      0 |   1 |    8.0 |
               +--------+--------+--------+--------+--------+-----+--------+

Top non-repeatable levels by time:
     D:1: 1309 daAuts
     D:4: 1053 daAuts
     D:2: 225 daAuts
  Temple: 8 daAuts
